 Dungeon Sprint DCSS version 0.17-a0-1533-g2f57bce (webtiles) character file.

3605 ztt the Imperceptible (level 9, -2/42 HPs)
             Began as a Spriggan Enchanter on July 16, 2015.
             Was a High Priest of Sif Muna.
             Killed from afar by Frances (29 damage)
             ... with a shard of ice
             ... in the Dungeon (Sprint III: "The Ten Rune Challenge").
             The game lasted 00:06:16 (1608 turns).

ztt the Imperceptible (Spriggan Enchanter)          Turns: 1608, Time: 00:06:17

Health: -2/42      AC:  4    Str:  4    XL:     9   Next: 86%
Magic:  21/25      EV: 23    Int: 19    God:    Sif Muna [*****.]
Gold:   19         SH:  0    Dex: 17    Spells: 4 memorised, 21 levels left

rFire  . . .     SeeInvis +     a - +1 dagger
rCold  + . .     Clarity  .     b - +1 robe
rNeg   . . .     SustAt   .     (shield restricted)
rPois  .         Gourm    .     (helmet restricted)
rElec  .         Spirit   .     l - +0 cloak
rCorr  .         Warding  .     (gloves unavailable)
rMut   .         NoTele   +     (boots unavailable)
MR     +....                    (no amulet)
Stlth  +++++++++.               (no ring)
                                (no ring)

@: lethally poisoned (-2 -> -25), slowed, quick, somewhat resistant to hostile
enchantments, incredibly stealthy
A: unfitting armour, see invisible, cold resistance 1, herbivore 3, speed 3,
slow metabolism 2
a: Channel Energy, Forget Spell, Renounce Religion


You were in the Dungeon.
You worshipped Sif Muna.
Sif Muna was extremely pleased with you.
You were not hungry.

You visited 1 branch You collected 19 gold pieces.

Inventory:

Hand weapons
 a - a +1 dagger (weapon)
Armour
 b - a +1 robe (worn)
 l - a +0 cloak (worn)
Magical devices
 k - a wand of hasting (5)
 m - a wand of confusion (19)
Scrolls
 j - a scroll of blinking
 n - a scroll of immolation {unknown}
 o - a scroll of magic mapping {unknown}
 p - 4 scrolls of remove curse
 r - a scroll of torment {unknown}
 s - 2 scrolls of identify
Potions
 e - 3 potions of curing
 f - 2 potions of heal wounds
 g - a potion of haste
 h - 2 potions of magic
 i - a potion of berserk rage
 q - 2 potions of flight
 t - a potion of cure mutation
Books
 c - a book of Maledictions

   Spells                             Type                      Level
   a - Corona                         Hexes                        1
   b - Ensorcelled Hibernation        Hexes/Ice                    2
   c - Confuse                        Hexes                        3
   d - Tukima's Dance                 Hexes                        3
   e - Dazzling Spray                 Conjuration/Hexes            3
Comestibles
 d - 2 bread rations
 u - a royal jelly


   Skills:
 + Level 1.7 Fighting
 + Level 3.8 Short Blades
 + Level 7.7 Dodging
 * Level 23.0 Stealth
 + Level 11.2 Spellcasting
 + Level 11.8 Hexes
 + Level 4.5 Ice Magic


You had 21 spell levels left.
You knew the following spells:

 Your Spells              Type           Power        Failure   Level  Hunger
a - Corona                Hex            ######.      1%          1    None
b - Ensorcelled Hibernat  Hex/Ice        #####.       1%          2    None
c - Confuse               Hex            ######..     1%          3    None
d - Tukima's Dance        Hex            ######..     1%          3    None


Dungeon Overview and Level Annotations

Branches:
Dungeon (1/1)

Altars:
Cheibriados
Dithmenos
Elyvilon
Fedhas
Gozag
Kikubaaqudgha
Makhleb
Nemelex Xobeh
Okawaru
Qazlal
Ru
Sif Muna
Trog
Vehumet
Xom
Yredelemnul
Zin
The Shining One
Jiyva
Lugonu

Annotations:
D Frances


Innate Abilities, Weirdness & Mutations

You are tiny and cannot use many weapons and most armour.
You have supernaturally acute eyesight.
You are a herbivore.
You cover ground extremely quickly.
You need consume almost no food.
Your flesh is cold resistant.


Message History

Aiming: Ensorcelled Hibernation
Press: ? - help, Shift-Dir - straight line, f - Frances
Aim: Frances, wielding a blowgun (almost dead, chance to defeat MR: 8%) Frances resists with almost no effort.
You feel sick.
Frances mutters in a terrible tongue.
Frances seems to speed up.
Casting: Ensorcelled Hibernation
Confirm with . or Enter, or press ? or * to list all spells.
Aiming: Ensorcelled Hibernation
Press: ? - help, Shift-Dir - straight line, f/p - Frances
Aim: Frances, wielding a blowgun (almost dead, fast, chance to defeat MR: 8%) Frances resists with almost no effort.
You feel sick.
Frances shoots a curare-tipped needle.
The curare-tipped needle hits you.
You are more poisoned.
You have difficulty breathing.
You feel as though you will be slow longer.
Frances chants phrases taken from a devil's mouth.
The shard of ice hits you! You partially resist.
Ouch! That really hurt!
You die...

#....#)#)#.....#......+
##.#.)#.##.###†#......#
'##.#.#.##)#).##......#
#...#..#..##.)'(......#
▓▓▓▓▓▓▓▓▓▓▓▓▓▓#.(^....#
#..(....# +.......#
#.(.....# ##@######
#...+ #...# #).@# #####


You could see Frances.

Vanquished Creatures
  Wiglaf (D)
  Erolcha (D)
  A shadow (D)
  2 trapdoor spiders (D)
  A redback (D)
  A spatial vortex (D)
  2 hill giants (D)
  A necrophage (D)
  3 two-headed ogres (D)
  A water elemental (D)
  Crazy Yiuf (D)
  A jelly (D)
  Jessica (D)
  A necromancer (D)
  A wizard (D)
  2 humans (D)
  A kobold demonologist (D)
  3 rats (D)
25 creatures vanquished.

Vanquished Creatures (collateral kills)
  A deep elf priest (D)
  A human (D)
2 creatures vanquished.

Vanquished Creatures (others)
  2 draconian scorchers (D)
  A yaktaur (D)
  A dancing weapon (D)
4 creatures vanquished.

Grand Total: 31 creatures vanquished

Notes
Turn   | Place    | Note
--------------------------------------------------------------
     0 | D        | ztt the Spriggan Enchanter began the quest for the Orb.
     0 | D        | Reached XP level 1. HP: 9/9 MP: 5/5
     3 | D        | Reached skill level 5 in Stealth
    11 | D        | Noticed Jessica
    32 | D        | Killed Jessica
    32 | D        | Reached skill level 7 in Stealth
    32 | D        | Reached skill level 5 in Hexes
    32 | D        | Reached XP level 2. HP: 7/13 MP: 5/7
   191 | D        | Learned a level 2 spell: Ensorcelled Hibernation
   236 | D        | Killed a white draconian scorcher
   242 | D        | Reached skill level 8 in Stealth
   242 | D        | Reached XP level 3. HP: 7/16 MP: 3/9
   337 | D        | Killed a white draconian scorcher
   391 | D        | Noticed Crazy Yiuf
   521 | D        | Killed a yaktaur
   626 | D        | Killed Crazy Yiuf
   626 | D        | Reached skill level 9 in Stealth
   626 | D        | Reached XP level 4. HP: 21/21 MP: 8/11
   647 | D        | Gained mutation: You are partially covered in iridescent scales (AC +4). [potion of mutation]
   647 | D        | Gained mutation: Your body sometimes deteriorates upon taking damage. [potion of mutation]
   647 | D        | Gained mutation: You are dopey. (Int -2) [potion of mutation]
   648 | D        | Lost mutation: You are dopey. (Int -2) [potion of cure mutation]
   648 | D        | Lost mutation: Your body sometimes deteriorates upon taking damage. [potion of cure mutation]
   648 | D        | Lost mutation: You are partially covered in iridescent scales (AC +4). [potion of cure mutation]
   649 | D        | Gained mutation: Your flesh is cold resistant. [potion of mutation]
   671 | D        | Noticed a water elemental
   673 | D        | Killed a water elemental
   673 | D        | Reached skill level 5 in Dodging
   673 | D        | Reached skill level 11 in Stealth
   676 | D        | Found a radiant altar of Vehumet.
   676 | D        | Found a deep blue altar of Sif Muna.
   676 | D        | Found an ancient bone altar of Kikubaaqudgha.
   676 | D        | Noticed a wizard
   678 | D        | Killed a wizard
   678 | D        | Reached XP level 5. HP: 25/25 MP: 13/13
   680 | D        | Reached skill level 12 in Stealth
   680 | D        | Reached skill level 1 in Ice Magic
   682 | D        | Became a worshipper of Sif Muna the Loreminder
   690 | D        | Found a glowing silver altar of Zin.
   691 | D        | Found a glowing golden altar of the Shining One.
   691 | D        | Found a white marble altar of Elyvilon.
   691 | D        | Noticed a deep elf priest
   852 | D        | Learned a level 3 spell: Confuse
   856 | D        | Learned a level 3 spell: Tukima's Dance
  1013 | D        | Killed a deep elf priest
  1013 | D        | Acquired Sif Muna's first power
  1013 | D        | Reached skill level 1 in Fighting
  1013 | D        | Reached skill level 13 in Stealth
  1013 | D        | Reached XP level 6. HP: 14/30 MP: 4/16
  1188 | D        | Noticed a human
  1189 | D        | Noticed a human
  1200 | D        | Killed a human
  1200 | D        | Reached skill level 14 in Stealth
  1200 | D        | Killed a human
  1200 | D        | Reached skill level 15 in Stealth
  1259 | D        | Found a bloodstained altar of Trog.
  1264 | D        | Found an iron altar of Okawaru.
  1273 | D        | Found a basalt altar of Yredelemnul.
  1273 | D        | Found a snail-covered altar of Cheibriados.
  1273 | D        | Found a blossoming altar of Fedhas.
  1273 | D        | Noticed a necrophage
  1273 | D        | Noticed a necromancer
  1275 | D        | Killed a necrophage
  1275 | D        | Acquired Sif Muna's second power
  1275 | D        | Reached XP level 7. HP: 33/33 MP: 19/19
  1276 | D        | Killed a necromancer
  1285 | D        | Noticed a jelly
  1298 | D        | Killed a jelly
  1300 | D        | Noticed a shadow
  1302 | D        | Killed a shadow
  1302 | D        | Reached skill level 16 in Stealth
  1302 | D        | Reached skill level 10 in Hexes
  1306 | D        | Found a stormy altar of Qazlal.
  1307 | D        | Found a sacrificial altar of Ru.
  1307 | D        | Found a burning altar of Makhleb.
  1307 | D        | Found a viscous altar of Jiyva.
  1307 | D        | Found a shimmering altar of Xom.
  1307 | D        | Found a shadowy altar of Dithmenos.
  1307 | D        | Found a sparkling altar of Nemelex Xobeh.
  1307 | D        | Found a corrupted altar of Lugonu.
  1307 | D        | Found an opulent altar of Gozag.
  1307 | D        | Noticed a spatial vortex
  1310 | D        | Killed a spatial vortex
  1310 | D        | Reached skill level 17 in Stealth
  1321 | D        | Noticed a two-headed ogre
  1321 | D        | Noticed a two-headed ogre
  1325 | D        | Killed a two-headed ogre
  1327 | D        | Killed a two-headed ogre
  1327 | D        | Reached XP level 8. HP: 38/38 MP: 22/22
  1329 | D        | Noticed a two-headed ogre
  1336 | D        | Killed a two-headed ogre
  1341 | D        | Noticed a hill giant
  1345 | D        | Killed a hill giant
  1345 | D        | Reached skill level 18 in Stealth
  1374 | D        | Noticed a hill giant
  1374 | D        | Noticed Erolcha
  1376 | D        | Killed Erolcha
  1376 | D        | Acquired Sif Muna's third power
  1376 | D        | Reached skill level 20 in Stealth
  1376 | D        | Reached skill level 10 in Spellcasting
  1376 | D        | Reached XP level 9. HP: 42/42 MP: 22/24
  1377 | D        | Killed a hill giant
  1378 | D        | Noticed a redback
  1381 | D        | Noticed a trapdoor spider
  1392 | D        | Killed a trapdoor spider
  1439 | D        | Killed a redback
  1439 | D        | Reached skill level 21 in Stealth
  1554 | D        | Noticed a trapdoor spider
  1564 | D        | Killed a trapdoor spider
  1599 | D        | Noticed Wiglaf
  1599 | D        | Noticed Frances
  1603 | D        | Killed Wiglaf
  1603 | D        | Reached skill level 23 in Stealth
  1608 | D        | Killed from afar by Frances

Vault maps used:
D:        dungeon_sprint_mu

Action                   |  1- 3 |  4- 6 |  7- 9 || total
-------------------------+-------+-------+-------++-------
Melee: Dagger            |    21 |     5 |    21 ||    47
 Cast: Ensorcelled Hiber |     3 |     7 |     9 ||    19
       Tukima's Dance    |       |     4 |       ||     4
       Confuse           |       |     1 |     2 ||     3
  Use: Potion            |       |     3 |       ||     3
 Stab: Sleeping          |     4 |     5 |    13 ||    22
       Confused          |       |       |     1 ||     1
       Held in net/web   |       |       |     1 ||     1
